 Dungeon Crawl Stone Soup version 0.31-a0-1074-g0b22e4e0f1 (webtiles) character file.

Game seed: 7209059824993625478

91 Jeffwins the Shooter (level 4, -1/36 HPs)
             Began as an Armataur Hunter on Nov 27, 2023.
             Slain by an iron imp (9 damage)
             ... on level 3 of the Dungeon.
             The game lasted 00:02:13 (1289 turns).

Jeffwins the Shooter (Armataur Hunter)              Turns: 1289, Time: 00:02:14

Health: -1/36      AC:  4    Str: 17    XL:     4   Next: 33%
Magic:  4/4        EV:  9    Int: 11    God:
Gold:   107        SH:  0    Dex: 13    Spells: 3/3 levels left

rFire   . . .        a - +4 sling
rCold   . . .        (no shield)
rNeg    + . .        c - +0 leather armour
rPois   .            (no helmet)
rElec   .            (no cloak)
rCorr   .            (no gloves)
SInv    .            (no barding)
Will    .....        h - amulet of the acrobat
Stlth   ++           N - ring of positive energy
HPRegen 0.26/turn    (no ring)
MPRegen 0.09/turn

%: acrobat, roll
@: no status effects
A: large, deformed body, tough skin 3, armoured tail, roll 1, long tongue
a: no special abilities


You were on level 3 of the Dungeon.
You visited 1 branch of the dungeon, and saw 3 of its levels.

You collected 107 gold pieces.


Innate Abilities, Weirdness & Mutations

Armour fits poorly on your strangely shaped body.
You have extremely tough skin. (AC +3)
You have a long armoured tail.
You roll when moving toward enemies. (Rampage)
Your long tongue fully drains potion bottles. (2x potion effects)


   Skills:
 - Level 1.7 Fighting
 * Level 3.7 Ranged Weapons
 + Level 1.5 Throwing
 - Level 1.3 Dodging
 + Level 2.6 Stealth


You had 3 spell levels left.
You didn't know any spells.
Your spell library contained the following spells:

 Spells                   Type           Power      Damage    Failure   Level
 Sublimation of Blood     Necr           0%         N/A       54%         2
 Petrify                  Tmut/Erth      0%         N/A       99%         4
 Irradiate                Conj/Tmut      0%         3d11      100%        5

Inventory:

Hand Weapons
 a - a +4 sling (weapon)
 i - a +0 shortbow
Missiles
 d - 6 datura-tipped darts
 q - 3 poisoned darts
Armour
 c - a +0 leather armour (worn)
Magical Staves
 g - a staff of poison
Jewellery
 h - an amulet of the acrobat (around neck)
 N - a ring of positive energy (left hand)
Scrolls
 b - a scroll of butterflies
 e - a scroll of poison {unknown}
 k - a scroll of identify {unknown}
 l - a scroll of teleportation {unknown}
 m - a scroll of immolation {unknown}
Potions
 f - 2 potions of curing {unknown}
 j - a potion of degeneration {unknown}
 n - a potion of enlightenment {unknown}
 o - a potion of might {unknown}
 p - a potion of heal wounds {unknown}

Dungeon Overview and Level Annotations

Branches:
Dungeon (3/15)

Altars:
Cheibriados

.#.#...........
#.#.##........
##...###....##.
#####...##
#.####
####...)..##
..# #......##.#
.##
..#..8..##.#
#.....#...
#...@.###.#
##''5## .#
#..... ..
#.....# ..
#.....# #.....#
#..⚑..# #######


You could see an iron imp.


Message History

The iron imp hits you!
You shoot a sling bullet. The sling bullet hits the iron imp.
The iron imp is heavily wounded.
The iron imp hits you.
You shoot a sling bullet. The sling bullet hits the iron imp.
The iron imp is almost dead.
The iron imp barely misses you.
You shoot a sling bullet. The sling bullet hits the iron imp.
The iron imp is almost dead.
The iron imp barely misses you.
You shoot a sling bullet.
The sling bullet closely misses the iron imp.
The iron imp barely misses you.
You shoot a sling bullet.
The sling bullet hits the iron imp but does no damage.
The iron imp is almost dead.
The iron imp hits you!
* * * LOW HITPOINT WARNING * * *
You are too injured to fight recklessly!
You are too injured to fight recklessly!
You are too injured to fight recklessly!
You shoot a sling bullet.
The sling bullet hits the iron imp but does no damage.
The iron imp is almost dead.
The iron imp hits you.
* * * LOW HITPOINT WARNING * * *
You shoot a sling bullet.
The sling bullet barely misses the iron imp.
The iron imp hits you!
You die...

Skill      XL: |  1  2 |
---------------+-------+-----
Ranged Weapons | 3 |  3.7
Throwing       | 1 |  1.5
Stealth        | 2 |  2.6
Fighting       | |  1.7
Dodging        | |  1.3

Action                     |  1- 3 |  4- 6 || total
---------------------------+-------+-------++-------
   Fire: Shortbow          |    62 |       ||    62
         Sling             |    43 |    35 ||    78
 Armour: Leather armour    |    15 |    13 ||    28
  Dodge: Dodged            |    14 |    12 ||    26

Levels and vault maps discovered:
D:1:      giann_bridges, layout_rooms, shapermc_ecumenical_altar_mp_vishouse
D:2:      layout_basic, minmay_split_cup_large
D:3:      layout_rooms, lemuel_doored_altar, slow_altar_2

Notes
Turn   | Place    | Note
-------+----------+-------------------------------------------
     0 | D:1      | Jeffwins the Armataur Hunter began the quest for the Orb.
     0 | D:1      | Reached XP level 1. HP: 17/17 MP: 1/1
    47 | D:1      | Reached skill level 3 in Ranged Weapons
   100 | D:1      | Reached XP level 2. HP: 24/24 MP: 2/2
   297 | D:1      | Reached skill level 1 in Throwing
   297 | D:1      | Reached skill level 2 in Stealth
   345 | D:1      | Found a faded altar of an unknown god.
   397 | D:1      | Reached XP level 3. HP: 29/29 MP: 3/3
   879 | D:2      | Reached XP level 4. HP: 36/36 MP: 4/4
  1275 | D:3      | Found a snail-covered altar of Cheibriados.
  1289 | D:3      | Slain by an iron imp

Vanquished Creatures
  3 adders (D:2)
  3 worms (D:2)
  4 dart slugs
  3 endoplasms (D:1)
  A giant cockroach (D:1)
  3 goblins
  3 hobgoblins
  6 kobolds
  4 quokkas
  4 ball pythons
  7 bats
  2 frilled lizards
  3 rats (D:1)
46 creatures vanquished.

Table legend: (Time is in decaauts)
 A = Elapsed time spent in this place.
 B = Non-inter-level travel time spent in this place.
 C = Inter-level travel time spent in this place.
 D = Time resting spent in this place.
 E = Time spent auto-exploring this place.
 F = Levels seen in this place.
 G = Mean time per level.
                   A        B        C        D        E       F      G
               +--------+--------+--------+--------+--------+-----+--------+
         Total |   1324 |   1292 |     32 |      0 |    975 |   3 |  441.3 |
       Dungeon |   1324 |   1292 |     32 |      0 |    975 |   3 |  441.3 |
               +--------+--------+--------+--------+--------+-----+--------+

Top non-repeatable levels by time:
     D:2: 817 daAuts
     D:1: 464 daAuts
     D:3: 42 daAuts

Table legend:
 A = Non-vault XP
 B = Vault XP
 C = Vault XP percentage of total XP
 D = Non-vault monster count
 E = Vault monster count
 F = Vault count percentage of total count
                 A         B        C        D         E       F
            +---------+---------+-------+---------+---------+-------
      Total |     116 |      14 |  10.8 |      42 |       4 |   8.7
            +---------+---------+-------+---------+---------+-------
        D:1 |      42 |       0 |   0.0 |      24 |       0 |   0.0
        D:2 |      71 |      14 |  16.5 |      16 |       4 |  20.0
        D:3 |       3 |       0 |   0.0 |       2 |       0 |   0.0
            +---------+---------+-------+---------+---------+-------
